AoeStats
← |GaoeG| flamingo

Enclosed

504279672Analyzed
1v1 RM · 27d ago on Sep 4, 2026· 19m 51s· 2 players
Game mode
Random Map
Map size
Tiny (2 player)
Population
200
Speed
Normal
Resources
Standard
Victory
Conquest
Starting age
Dark Age
Ending age
Imperial Age
RankedLock teamsTeams togetherTeam positionsShared explorationLock speedFull tech treeHidden civsTurbo modeCheats
Victory
Defeat
🇮🇪 Cumans · Ireland
1463
+13
🇪🇸 Mongols · Spain
1402
-13
IWUDJA
5:55 Loom
9:16 Feudal Age
10:58 Double-Bit Axe
12:06 Horse Collar
|GaoeG| flamingo
6:28 Loom
9:51 Feudal Age
9:55 Man-at-Arms
13:48 Fletching
Connection lost

Rejoining the realm…

Still unreachable

The connection could not be restored.

Session expired

The server has moved on; the page needs a fresh start.